 Dungeon Crawl Stone Soup version 0.30.1-9-gdf580d7c3d (webtiles) character file.

Game seed: 2028925823785125689

646 KittyFluff the Cudgeller (level 7, -7/66 HPs)
             Began as a Gargoyle Berserker on Oct 20, 2023.
             Was a Priest of Trog.
             Killed by divine providence
             ... invoked by an orc priest
              (13 damage)
             ... on level 5 of the Dungeon.
             The game lasted 00:13:59 (3791 turns).

KittyFluff the Cudgeller (Gargoyle Berserker)       Turns: 3791, Time: 00:14:00

Health: -7/66      AC: 15    Str: 23    XL:     7   Next: 52%
Magic:  7/7        EV: 12    Int:  7    God:    Trog [***...]
Gold:   136        SH:  0    Dex:  9    Spells: 6/6 levels left

rFire   . . .        a - +0 mace
rCold   . . .        (no shield)
rNeg    + . .        f - +0 leather armour
rPois   ∞            m - +2 helmet
rElec   +            h - +0 cloak
rCorr   +            l - +0 pair of gloves
SInv    .            p - +0 pair of boots
Will    .....        (no amulet) Stlth
                     s - ring of resist corrosion
HPRegen 0.31/turn    (no ring)
MPRegen 0.10/turn

%: no passive effects
@: confused, berserking (expiring), very quick
A: sickness immunity, AC +4, negative energy resistance 1, electricity
resistance, torment resistance 1, petrification resistance
a: Renounce Religion, Berserk, Trog's Hand


You were on level 5 of the Dungeon.
You worshipped Trog.
Trog was most pleased with you.
You visited 1 branch of the dungeon, and saw 5 of its levels.

You collected 136 gold pieces.

Inventory:

Hand Weapons
 a - a +0 mace (weapon)
 g - a +3 quarterstaff of chaos
 i - a +0 sling
 v - the +5 dagger of Wrath {freeze, Will+++ SInv}
   (You found it on level 4 of the Dungeon)

   SInv:      It lets you see invisible.
   Will:      It greatly increases your willpower.
Armour
 f - a +0 leather armour (worn)
 h - a +0 cloak (worn)
 l - a +0 pair of gloves (worn)
 m - a +2 helmet (worn)
 p - a +0 pair of boots (worn)
 r - a +0 ring mail
Jewellery
 s - a ring of resist corrosion (left hand)
Wands
 t - a wand of flame (5)
 w - a wand of quicksilver (10)
Scrolls
 d - a scroll of identify
 j - 2 scrolls of fear {unknown}
 k - 2 scrolls of teleportation {unknown}
 o - a scroll of blinking {unknown}
 q - a scroll of magic mapping {unknown}
 y - a scroll of torment {unknown}
Potions
 b - 2 potions of resistance
 c - a potion of mutation
 e - a potion of haste
 n - a potion of berserk rage
 u - a potion of flight
 x - a potion of degeneration {unknown}


   Skills:
 + Level 4.8 Fighting
 * Level 5.4 Maces & Flails
 * Level 5.4 Armour
 + Level 3.0 Dodging


You had 6 spell levels left.
You didn't know any spells.
Your spell library was empty.

Dungeon Overview and Level Annotations

Branches:
Dungeon (5/15)
 Temple: D:4-7

Altars:
Sif Muna
Trog


Innate Abilities, Weirdness & Mutations

You are immune to sickness and miasma.
Your stone body is resilient. (AC +4)
You are immune to poison.
You resist negative energy. (rN+)
You are resistant to electric shocks. (rElec)
You are resistant to unholy torment.
You are immune to petrification.


Message History

The orc priest miscasts a cantrip.
You hit the orc but do no damage. The orc barely misses you.
You hit the orc.
The orc is lightly wounded.
The orc priest mumbles some strange prayers to Beogh against you.
Beogh smites you!
You miss something. Something hits you but does no damage.
You closely miss something. Something hits you but does no damage.
The orc priest calls upon Beogh to heal the orc.
The orc's wounds heal themselves!
Something hits you but does no damage.
The orc priest mumbles some strange prayers to Beogh against you.
Beogh smites you!
You hit something. Something hits you but does no damage.
You closely miss something.
You hear some strange, mumbled words.
A magic dart appears from out of thin air!
The magic dart hits you!
* * * LOW HITPOINT WARNING * * *
The orc throws a stone.
The stone hits you but does no damage.
A red film seems to cover your vision as you go berserk!
You feel yourself moving faster!
You feel mighty!
You hear some strange, mumbled words.
You are confused.
You hit something.
You hear some strange, mumbled words.
A puff of flame appears from out of thin air!
The puff of flame hits you but does no damage.
The orc throws a stone.
The stone hits you but does no damage.
The orc priest calls down the wrath of Beogh upon you.
Beogh smites you!
* * * LOW HITPOINT WARNING * * *
You bump into the rock wall.
You bump into the rock wall.
You feel a strong urge to attack something.
Something hits you but does no damage.
You're too confused to move!
Something hits you but does no damage.
The orc throws a stone.
The stone completely misses you.
The orc priest mumbles some strange prayers to Beogh against you.
Beogh smites you!
You die...

###############
######
........).....#
##....#
.......)......#
##..##.#
..............#
##..##..###
..............#
#..##..#..#
..............#
#.###.#.[.#
..............###)#
#.†.#.#
..............o{@.#
##.#.##
..............o####
#.#...#
.............(.#
#...#.#
...............#
#..#..#
........)....#
###..##
.............# #_##
.............# ##
.............#
.............#


You could see an orc priest and an orc.

Vanquished Creatures
  A sky beast (D:4)
  An ice beast (D:5)
  A scorpion (D:4)
  Crazy Yiuf (D:2)
  A sleepcap (D:4)
  3 orc wizards
  Robin (D:2)
  4 adders
  11 gnolls
  3 dart slugs
  13 orcs
  8 ball pythons
  6 endoplasms
  4 giant cockroaches
  12 goblins
  6 hobgoblins
  9 jackals
  3 quokkas
  3 bats
  A kobold (D:2)
  8 rats (D:1)
100 creatures vanquished.

Vanquished Creatures (others)
  A goblin (D:2)
1 creature vanquished.

Grand Total: 101 creatures vanquished

Notes
Turn   | Place    | Note
-------+----------+-------------------------------------------
     0 | D:1      | KittyFluff the Gargoyle Berserker began the quest for the
                  | Orb.
     0 | D:1      | Reached XP level 1. HP: 14/14 MP: 1/1
   167 | D:1      | Reached XP level 2. HP: 7/19 MP: 2/2
   565 | D:1      | Reached XP level 3. HP: 16/23 MP: 3/3
   701 | D:2      | Found a runed translucent door.
   702 | D:2      | Noticed Crazy Yiuf
   710 | D:2      | Killed Crazy Yiuf
   778 | D:2      | Reached XP level 4. HP: 27/29 MP: 4/4
   921 | D:2      | Reached ** piety under Trog
  1085 | D:2      | Reached XP level 5. HP: 33/33 MP: 5/5
  1300 | D:2      | Noticed Robin
  1315 | D:2      | Killed Robin
  1811 | D:3      | Found a shimmering blue altar of Sif Muna.
  2052 | D:3      | Reached XP level 6. HP: 38/38 MP: 6/6
  2194 | D:3      | Reached *** piety under Trog
  3061 | D:4      | Noticed a sky beast
  3079 | D:4      | Killed a sky beast
  3080 | D:4      | Reached skill level 5 in Maces & Flails
  3080 | D:4      | Reached XP level 7. HP: 39/44 MP: 7/7
  3170 | D:4      | Identified the +5 dagger of Wrath {freeze, Will+++ SInv}
  3212 | D:4      | Reached skill level 5 in Armour
  3292 | D:5      | Entered Level 5 of the Dungeon
  3550 | D:5      | Found a bloodstained altar of Trog.
  3791 | D:5      | Killed from afar by an orc priest

Illustrated notes

Levels and vault maps discovered:
D:1:      dpeg_arrival_central, layout_basic, hangedman_feature_mirror
D:2:      layout_basic, minmay_misc_feat_tiny, nrook_campfire, uniq_robin,
          uniq_crazy_yiuf_cottage
D:3:      layout_basic, mainiacjoe_overflow_tiny_flanked
D:4:      layout_cave_pods
D:5:      layout_basic, lemuel_round_altar, marbit_many_paths

Skill      XL: |  1  2  3  4  5  6  7 |
---------------+----------------------+-----
Armour         | 3 4 5 |  5.4
Dodging        | 2 3 |  3.0
Maces & Flails | 4 5 |  5.4
Fighting       | 4 |  4.8

Action                     |  1- 3 |  4- 6 |  7- 9 || total
---------------------------+-------+-------+-------++-------
  Melee: Mace              |    50 |   286 |   111 ||   447
         Punch             |       |     2 |     1 ||     3
 Invoke: Berserk           |     1 |     1 |     1 ||     3
    Use: Scroll            |       |       |     4 ||     4
 Armour: Animal skin       |    13 |       |       ||    13
         Leather armour    |     6 |   191 |    62 ||   259
  Dodge: Dodged            |    32 |   237 |    99 ||   368
